AoeStats
← Artor

Black Forest

507723268Analyzed
4v4 RM · 12d ago on Sep 19, 2026· 62m 25s· 8 players
Game mode
Random Map
Map size
Large (8 player)
Population
200
Speed
Normal
Resources
Standard
Victory
Conquest
Starting age
Dark Age
Ending age
Imperial Age
RankedLock teamsTeams togetherTeam positionsShared explorationLock speedFull tech treeHidden civsTurbo modeCheats
Victory
Defeat
🇧🇷 Vietnamese · Brazil
1057
+14
🇧🇪 Turks · Belgium
1043
+15
🇹🇼 Persians · Taiwan
994
+17
🇩🇪 Hindustanis · Germany
976
+19
1035
-17
🇨🇦 Ethiopians · Canada
1029
-17
1009
-16
🇩🇪 Celts · Germany
1001
-15
tboss
0:28 Loom
12:17 Feudal Age
16:04 Castle Age
14:02 Double-Bit Axe
14:04 Horse Collar
17:12 Bow Saw
24:48 Ballistics
28:52 Wheelbarrow
28:08 Town Watch
33:48 Imperial Age
33:07 Fortified Wall
33:56 Hand Cart
34:18 Gold Mining
35:34 Chemistry
37:38 Torsion Engines
38:54 Town Patrol
38:36 Heavy Scorpion
43:32 Siege Engineers
DR GUS GLITTERGELPEN BILDORDER Ⅷ
11:53 Feudal Age
13:21 Wheelbarrow
17:24 Castle Age
15:42 Double-Bit Axe
16:29 Horse Collar
18:39 Bow Saw
26:59 Gold Mining
26:59 Stone Mining
27:26 Hand Cart
27:13 Heavy Plow
29:12 Gold Shaft Mining
29:12 Stone Shaft Mining
28:57 Town Watch
32:05 Imperial Age
31:43 Scale Mail Armor
31:53 Forging
31:49 Scale Barding Armor
32:08 Bloodlines
32:00 Husbandry
33:13 Iron Casting
33:12 Conscription
32:29 Light Cavalry
32:31 Elite Shrivamsha Rider
33:52 Chain Barding Armor
34:10 Padded Archer Armor
34:00 Fletching
34:58 Frontier Guards
36:16 Plate Barding Armor
35:48 Thumb Ring
35:56 Elite Elephant Archer
37:02 Ballistics
37:43 Chemistry
38:05 Leather Archer Armor
37:45 Bodkin Arrow
40:17 Bracer
40:30 Heavy Camel Rider
43:01 Light Cavalry
Hrakiir
0:48 Loom
12:14 Feudal Age
14:18 Double-Bit Axe
14:30 Horse Collar
16:04 Wheelbarrow
18:29 Man-at-Arms
18:55 Arson
21:34 Forging
26:32 Castle Age
25:27 Gold Mining
28:13 Hand Cart
28:11 Bow Saw
27:43 Pikeman
29:59 Scale Mail Armor
30:22 Heavy Plow
38:06 Chain Mail Armor
38:27 Iron Casting
38:42 Fletching
47:28 Imperial Age
46:19 Stone Mining
[doGs] Charlie the Flamingo.
0:29 Loom
15:03 Feudal Age
21:07 Castle Age
19:39 Double-Bit Axe
20:25 Horse Collar
21:08 Town Watch
21:17 Stone Mining
22:33 Wheelbarrow
27:01 Hand Cart
28:55 Heavy Plow
29:11 Bow Saw
32:03 Stone Shaft Mining
31:20 Gold Mining
35:05 Imperial Age
32:33 Fletching
33:28 Fortified Wall
34:42 Ballistics
34:34 Masonry
34:27 Bodkin Arrow
34:43 Forging
34:33 Scale Mail Armor
36:16 Bracer
37:19 Chemistry
36:05 Arrowslits
36:52 Architecture
37:10 Eupseong
38:24 Conscription
38:01 Pikeman
38:41 Squires
39:19 Shinkichon
38:34 Heavy Rocket Cart
40:30 Thumb Ring
40:19 Elite Skirmisher
42:07 Two-Man Saw
42:26 Iron Casting
42:07 Chain Mail Armor
42:01 Siege Engineers
41:38 Treadmill Crane
41:53 Murder Holes
45:08 Husbandry
44:28 Light Cavalry
44:29 Cavalier
44:44 Halberdier
45:10 Arson
46:12 Plate Mail Armor
45:47 Scale Barding Armor
46:24 Gold Shaft Mining
45:45 Hussar
53:40 Chain Barding Armor
55:24 Elite War Wagon
Artor
1:25 Loom
13:13 Feudal Age
19:47 Castle Age
17:48 Horse Collar
18:17 Double-Bit Axe
18:49 Gold Mining
19:02 Stone Mining
20:37 Heavy Plow
20:50 Bow Saw
27:18 Imperial Age
28:25 Wheelbarrow
28:33 Gold Shaft Mining
29:15 Chemistry
31:11 Stone Shaft Mining
31:51 Two-Man Saw
32:22 Hand Cart
34:13 Conscription
36:24 Town Watch
37:34 Shatagni
41:21 Caravan
41:42 Town Patrol
41:58 Grand Trunk Road
46:07 Onager
56:01 Stone Shaft Mining
Hanzani
3:41 Loom
13:54 Feudal Age
21:38 Castle Age
20:19 Double-Bit Axe
20:17 Horse Collar
23:34 Bow Saw
23:35 Fletching
25:51 Wheelbarrow
29:59 Padded Archer Armor
33:16 Hand Cart
34:10 Heavy Plow
41:21 Imperial Age
41:04 Leather Archer Armor
41:57 Stone Mining
41:57 Gold Mining
44:54 Conscription
45:38 Elite Janissary
61:14 Artillery
FALA MEU AMOR!
4:23 Loom
13:48 Feudal Age
14:41 Double-Bit Axe
18:57 Wheelbarrow
22:06 Castle Age
20:00 Horse Collar
20:58 Fletching
21:09 Padded Archer Armor
21:16 Gold Mining
23:04 Bow Saw
23:34 Scale Mail Armor
23:44 Forging
27:11 Hand Cart
27:38 Pikeman
33:28 Imperial Age
31:25 Ballistics
31:26 Heavy Plow
32:04 Chain Mail Armor
32:24 Iron Casting
31:20 Crossbowman
32:40 Stone Mining
33:33 Thumb Ring
34:08 Bodkin Arrow
34:32 Halberdier
38:03 Iron Casting
37:59 Plate Mail Armor
37:49 Bracer
38:05 Leather Archer Armor
37:35 Elite Skirmisher
39:35 Two-Man Saw
39:21 Imperial Skirmisher
41:28 Crop Rotation
42:25 Ring Archer Armor
43:05 Squires
50:57 Scale Barding Armor
50:57 Elite Battle Elephant
51:48 Bloodlines
51:39 Husbandry
54:57 Paper Money
54:39 Chatras
54:30 Cavalier
57:16 Chain Barding Armor
60:04 Caravan
61:06 Plate Barding Armor
auuuustyn
11:26 Feudal Age
15:22 Castle Age
14:29 Double-Bit Axe
14:30 Horse Collar
26:52 Heavy Plow
27:03 Bow Saw
26:45 Gold Mining
26:45 Stone Mining
27:33 Wheelbarrow
31:52 Imperial Age
29:52 Scale Barding Armor
29:58 Forging
31:20 Chain Barding Armor
32:13 Bloodlines
32:04 Husbandry
32:41 Iron Casting
33:13 Gold Shaft Mining
33:14 Stone Shaft Mining
32:01 Cavalier
32:58 Hand Cart
32:37 Loom
32:38 Town Watch
33:43 Plate Barding Armor
34:52 Blast Furnace
34:42 Savar
38:06 Two-Man Saw
38:37 Conscription
47:28 Light Cavalry
50:14 Hussar
Connection lost

Rejoining the realm…

Still unreachable

The connection could not be restored.

Session expired

The server has moved on; the page needs a fresh start.